 Dungeon Crawl Stone Soup version 0.24.1-14-gf8d2b509d9 (webtiles) character file.

Game seed: 2579197378662927445, levelgen mode: deterministic

9564 GenChuck the Spear-Bearer (level 11, -3/72 HPs)
             Began as a Merfolk Skald on Apr 24, 2020.
             Was a Believer of the Shining One.
             Slain by a death yak (15 damage)
             ... on level 1 of the Lair of Beasts on June 8, 2020.
             The game lasted 02:14:49 (14634 turns).

GenChuck the Spear-Bearer (Merfolk Skald)          Turns: 14634, Time: 02:14:50

Health: -3/72      AC:  8    Str: 14    XL:     11   Next: 48%
Magic:  14/14      EV: 20    Int: 13    God:    the Shining One [**....]
Gold:   247        SH:  0    Dex: 17    Spells: 6/14 levels left

rFire    . . .     SeeInvis .   K - +3 halberd
rCold    . . .     Gourm    .   (shield currently unavailable)
rNeg     + . .     Faith    .   I - +0 troll leather armour
rPois    .         Spirit   .   (no helmet)
rElec    .         Reflect  .   w - scarf {cloud immunity}
rCorr    +         Harm     .   c - +2 pair of gloves {Dex+3}
MR       .....                  j - +0 pair of boots
Stlth    +.........             (no amulet)
HPRegen  0.62/turn              m - ring of resist corrosion
MPRegen  0.14/turn              n - +2 ring of evasion

@: about to teleport, infused (expiring), glowing
A: change form in water, swift swim, stealthy swim, wild magic 1, evolution 1
a: Divine Shield, Renounce Religion


You were on level 1 of the Lair of Beasts.
You worshipped the Shining One.
The Shining One was pleased with you.
You were not hungry.

You visited 3 branches of the dungeon, and saw 12 of its levels.
You also visited: Bailey.

You collected 472 gold pieces.
You spent 225 gold pieces at shops.

Inventory:

Hand Weapons
 f - a +1 halberd
 u - a +2 dagger of freezing
 x - a +4 war axe
 A - a +0 flail of draining
 C - a +2 falchion of flaming
 K - a +3 halberd (weapon)
Missiles
 q - 28 poisoned darts (quivered)
 r - 10 javelins
Armour
 a - a +2 buckler
 b - a +1 leather armour
 c - a +2 pair of gloves of dexterity (worn)
 j - a +0 pair of boots (worn)
 t - a scarf of spirit shield
 w - a scarf of cloud immunity (worn)
 G - a scarf of spirit shield
 I - a +0 troll leather armour (worn)
Jewellery
 g - a +2 ring of strength
 m - a ring of resist corrosion (left hand)
 n - a +2 ring of evasion (right hand)
 s - an uncursed amulet of the gourmand
 y - an uncursed amulet of harm
 L - an uncursed ring of flight
Wands
 l - a wand of flame (18)
Scrolls
 e - 2 scrolls of enchant weapon
 p - a scroll of teleportation
 F - a scroll of identify
 H - a scroll of blinking {unknown}
Potions
 h - a potion of haste
 i - a potion of might {unknown}
 k - 3 potions of degeneration
 o - a potion of berserk rage {unknown}
 v - 2 potions of mutation
 z - a potion of cancellation {unknown}
 B - a potion of magic {unknown}
 J - a potion of lignification {unknown}
Miscellaneous
 E - a box of beasts
Comestibles
 d - 15 rations


   Skills:
 - Level 2.1 Fighting
 + Level 14.1 Polearms
 - Level 1.0 Throwing
 - Level 0.6 Armour
 + Level 9.5 Dodging
 + Level 4.2 Stealth
 - Level 2.0 Spellcasting
 + Level 1.3 Hexes
 * Level 12.5 Charms
 + Level 2.7 Translocations


You had 6 spell levels left.
You knew the following spells:

 Your Spells              Type           Power        Failure   Level  Hunger
a - Infusion              Chrm           ####         1%          1    ##.....
b - Song of Slaying       Chrm           #####...     1%          2    ###....
c - Shroud of Golubria    Chrm/Tloc      ####..       4%          2    ###....
d - Spectral Weapon       Hex/Chrm       ####....     9%          3    ####...

Your spell library contained the following spells:

 Spells                   Type           Power        Failure   Level  Hunger
 Ozocubu's Armour         Chrm/Ice       ###.....     12%         3    ####...
 Regeneration             Chrm/Necr      ###.......   12%         3    ####...
 Confusing Touch          Hex            #.....       26%         1    ##.....
 Corona                   Hex            #......      26%         1    ##.....
 Gell's Gravitas          Tloc           ##........   38%         3    ####...
 Animate Skeleton         Necr           N/A          41%         1    ##.....
 Beastly Appendage        Tmut           #.....       41%         1    ##.....
 Freeze                   Ice            #...         41%         1    ##.....
 Pain                     Necr           #...         41%         1    ##.....
 Ensorcelled Hibernation  Hex/Ice        #.....       45%         2    ###....
 Sticks to Snakes         Tmut           #.......     52%         2    ###....
 Throw Frost              Conj/Ice       #.....       52%         2    ###....
 Confuse                  Hex            #.......     58%         3    ####...
 Tukima's Dance           Hex            #.......     58%         3    ####...
 Dazzling Spray           Conj/Hex       #.....       67%         3    ####...
 Spider Form              Tmut/Pois      #.........   75%         3    ####...
 Vampiric Draining        Necr           #.........   75%         3    ####...
 Animate Dead             Necr           N/A          98%         4    #####..
 Ice Form                 Ice/Tmut       #.......     98%         4    #####..
 Petrify                  Tmut/Erth      #.......     98%         4    #####..
 Summon Ice Beast         Ice/Summ       #.......     98%         4    #####..
 Throw Icicle             Conj/Ice       #.......     98%         4    #####..
 Blade Hands              Tmut           #.........   100%        5    ######.
 Metabolic Englaciation   Hex/Ice        #.........   100%        5    ######.
 Yara's Violent Unravell  Hex/Tmut       #.........   100%        5    ######.


Dungeon Overview and Level Annotations

Branches:
Dungeon (10/15)            Temple (1/1) D:4            Lair (1/6) D:10
 Bailey (visited)
    Orc: D:9-12

Altars:
Ashenzari
Cheibriados
Dithmenos
Elyvilon
Fedhas
Gozag
Hepliaklqana
Kikubaaqudgha
Makhleb
Nemelex Xobeh
Okawaru
Qazlal
Ru
Sif Muna
Trog
Uskayaw
Vehumet
Wu Jian
Xom
Yredelemnul
Zin
The Shining One

Shops:
D:4 (   D:5 [

Annotations:
D:3 Robin, Sigmund


Innate Abilities, Weirdness & Mutations

You revert to your normal form in water.
You are very nimble and swift while swimming.
You are very stealthy in the water. (Stealth+)
Your spells are a little harder to cast, but a little more powerful.
You evolve.


Message History

A bullfrog comes into view.
Found a stone staircase leading down.
There is a staircase back to the Dungeon here.
A spiny frog comes into view.
The spiny frog croaks.
A porcupine comes into view.
The bullfrog gives a loud, deep croak!
Found a ration.
The porcupine bites you.
* * * LOW HITPOINT WARNING * * *
The spiny frog closely misses you.
Found 2 sedimented silvery potions.
The bullfrog hits you.
* * * LOW HITPOINT WARNING * * *
The death yak closely misses you. The bullfrog misses you.
Your magical infusion is running out.
The porcupine misses you.
As you read the scroll of teleportation, it crumbles to dust.
You feel strangely unstable. The death yak gores you!
You die...

#............#..#
##..............#
.##...............##
#..>................
.#.................#
...................#
..........FF.......#
.......<..Yr....%.##
..........@.......#
.................P#
....................
#............##.....
#..........#.# #####
##........####
#...###.## .. ##


You could see a death yak, a spiny frog, a bullfrog and a porcupine.

Vanquished Creatures
  A hydra (D:8)
  2 two-headed ogres
  2 death yaks
  2 orc knights (Bailey)
  3 trolls
  A hornet (D:9)
  2 dream sheep (D:8)
  A hippogriff (D:6)
  2 yaks (D:8)
  Eustachio (D:6)
  A steam dragon (D:8)
  7 orc warriors
  2 ogres
  A phantom (D:4)
  4 centaurs
  4 big kobolds (D:8)
  4 bullfrogs
  5 scorpions
  7 wights
  6 howler monkeys
  2 crimson imps
  A bullfrog zombie (D:8)
  3 jellies (D:5)
  A centaur zombie (D:7)
  2 quasits
  3 hounds
  2 orc priests
  5 orc wizards
  A centaur skeleton (D:6)
  6 iguanas
  3 worker ants
  A killer bee zombie (D:6)
  A hound zombie (D:5)
  A hound skeleton (D:6)
  2 gnolls
  7 adders
  A howler monkey skeleton (D:7)
  2 shadow imps
  2 worms (D:3)
  A dart slug (D:3)
  6 leopard geckos
  18 orcs
  8 bats
  2 bat zombies (D:7)
  2 giant cockroaches
  19 goblins
  4 hobgoblins
  18 jackals
  24 kobolds
  3 quokkas
  3 frilled lizards
  5 rats
  A rat zombie (D:7)
218 creatures vanquished.

Vanquished Creatures (others)
  An orc wizard (D:5)
1 creature vanquished.

Grand Total: 219 creatures vanquished

Notes
Turn   | Place    | Note
-------+----------+-------------------------------------------
     0 | D:1      | GenChuck the Merfolk Skald began the quest for the Orb.
     0 | D:1      | Reached XP level 1. HP: 16/16 MP: 3/3
   171 | D:1      | Reached XP level 2. HP: 22/22 MP: 0/5
   421 | D:1      | Reached XP level 3. HP: 27/27 MP: 3/6
  1361 | D:2      | Reached skill level 4 in Polearms
  1361 | D:2      | Reached XP level 4. HP: 33/33 MP: 3/7
  1556 | D:2      | Upgraded the game from 0.24.1-5-g77f818bfca to
                  | 0.24.1-14-gf8d2b509d9
  1880 | D:3      | Found a white marble altar of Elyvilon.
  2442 | D:3      | Noticed Sigmund
  3226 | D:3      | Noticed Robin
  3274 | D:4      | Noticed a phantom
  3349 | D:4      | Killed a phantom
  3349 | D:4      | Reached skill level 5 in Polearms
  3349 | D:4      | Reached skill level 5 in Charms
  3349 | D:4      | Reached XP level 5. HP: 14/38 MP: 8/8
  3875 | D:4      | Reached skill level 6 in Polearms
  4214 | D:4      | Found a hide-covered altar of Uskayaw.
  4312 | D:4      | Found Nont's Antique Weapon Boutique.
  4348 | D:4      | Reached skill level 1 in Stealth
  4348 | D:4      | Reached XP level 6. HP: 39/44 MP: 9/9
  4431 | D:4      | Found a staircase to the Ecumenical Temple.
  4437 | Temple   | Entered the Ecumenical Temple
  4617 | Temple   | Became a worshipper of the Shining One
  5033 | D:5      | Entered Level 5 of the Dungeon
  5040 | D:5      | Learned a level 2 spell: Song of Slaying
  5208 | D:5      | Reached skill level 7 in Polearms
  6088 | D:5      | Reached XP level 7. HP: 50/50 MP: 7/10
  6091 | D:5      | Reached skill level 8 in Polearms
  6505 | D:5      | Found Geol's Antique Armour Boutique.
  6509 | D:5      | Bought a pair of embroidered gloves for 225 gold pieces
  6581 | D:6      | Noticed a hippogriff
  6824 | D:6      | Reached skill level 9 in Polearms
  6861 | D:6      | Noticed Eustachio
  6861 | D:6      | Reached * piety under the Shining One
  7140 | D:6      | Killed Eustachio
  7257 | D:6      | Reached skill level 1 in Throwing
  7446 | D:6      | Reached XP level 8. HP: 56/56 MP: 11/11
  7451 | D:6      | Learned a level 2 spell: Shroud of Golubria
  7455 | D:6      | Learned a level 3 spell: Spectral Weapon
  7484 | D:6      | Reached skill level 5 in Dodging
  7634 | D:6      | Found a bloodstained altar of Trog.
  7695 | D:6      | Reached skill level 10 in Polearms
  7820 | D:6      | Killed a hippogriff
  8152 | D:6      | Reached skill level 11 in Polearms
  8318 | D:6      | Found a bloodstained altar of Trog.
  8525 | D:6      | Reached XP level 9. HP: 30/61 MP: 5/12
  8994 | D:7      | Reached skill level 12 in Polearms
  9224 | D:7      | Found a stormy altar of Qazlal.
  9227 | D:7      | Found a shimmering altar of Xom.
  9227 | D:7      | Found a basalt altar of Yredelemnul.
  9227 | D:7      | Found an opulent altar of Gozag.
  9495 | D:7      | Reached ** piety under the Shining One
  9610 | D:7      | Found an ancient bone altar of Kikubaaqudgha.
  9664 | D:8      | Noticed a two-headed ogre
  9684 | D:8      | Killed a two-headed ogre
  9684 | D:8      | Reached skill level 1 in Translocations
  9998 | D:7      | Reached skill level 1 in Hexes
 10473 | D:8      | Found a sparkling altar of Nemelex Xobeh.
 10870 | D:8      | Reached XP level 10. HP: 67/67 MP: 8/13
 10894 | D:8      | Reached skill level 10 in Charms
 11200 | D:8      | Noticed a two-headed hydra
 11227 | D:8      | Killed a two-headed hydra
 12010 | D:9      | Found a blossoming altar of Fedhas.
 12021 | D:9      | Paralysed by a hornet for 1 turns
 12430 | D:9      | Noticed a two-headed ogre
 12443 | D:9      | Killed a two-headed ogre
 12599 | D:9      | Reached XP level 11. HP: 32/72 MP: 5/14
 12774 | D:9      | Found a shattered altar of Ashenzari.
 13096 | D:10     | Entered Level 10 of the Dungeon
 13237 | D:10     | Reached skill level 13 in Polearms
 13411 | D:10     | Found a flagged portal.
 13453 | Bailey   | Entered a bailey
 13459 | Bailey   | Noticed an orc knight
 13479 | Bailey   | Noticed an orc knight
 13676 | Bailey   | Killed an orc knight
 13766 | Bailey   | Killed an orc knight
 14266 | D:10     | Noticed a death yak
 14274 | D:10     | Noticed a death yak
 14277 | D:10     | Noticed a death yak
 14278 | D:10     | Noticed a death yak
 14283 | D:10     | Noticed a death yak
 14287 | D:10     | Killed a death yak
 14296 | D:9      | The Shining One protects you from harm!
 14299 | D:9      | The Shining One protects you from harm!
 14301 | D:9      | HP: 2/72 [death yak (11)]
 14303 | D:9      | Killed a death yak
 14303 | D:9      | Reached skill level 14 in Polearms
 14429 | D:9      | Gained mutation: You evolve. [potion of mutation]
 14429 | D:9      | Gained mutation: Your spells are a little harder to cast,
                  | but a little more powerful. [potion of mutation]
 14615 | D:10     | Found a staircase to the Lair.
 14624 | Lair:1   | Entered Level 1 of the Lair of Beasts
 14634 | Lair:1   | Slain by a death yak

Levels and vault maps discovered:
D:1:      mainiacjoe_arrival_reflecting_pool, layout_basic,
          minmay_split_cup_small
D:2:      layout_rooms, chequers_serial_rivers_micro_d, minmay_tiny_reverse_x
D:3:      layout_basic, lemuel_crystal_altar, first_ration, uniq_sigmund,
          uniq_robin
D:4:      layout_basic, overflow_temple_1_default, minmay_temple_entry_fiery,
          serial_shops, shop
D:5:      layout_loops_cross, serial_shops, nicolae_shop_behind_doors
D:6:      layout_loops_ring, lemuel_coloured_pillars_altar, trog_butcher_becter,
          uniq_eustachio
D:7:      minmay_chambers_of_sevens, layout_loops_cross,
          lemuel_zombie_altar_kikubaaqudgha, grunt_temple_overflow_open
D:8:      layout_basic, hangedman_ranch [blue_anna_fruit_fields],
          nemelex_spade_bored_becter
D:9:      layout_big_octagon, fedhas_altar_1, serial_column_ruins,
          column_ruins_hut_ruined, column_ruins_circle_medium,
          column_ruins_open_medium, column_ruins_columns_plus,
          column_ruins_corridor_dead_end, column_ruins_open_medium,
          column_ruins_open_small_water, mrwooster_statue_mirror,
          ashenzari_altar_1
D:10:     minmay_wavy_crystal, layout_basic, dpeg_lair_monsters, enter_bailey_3,
          serial_co_window_serial, co_window_of_opportunity_a,
          co_window_paths_b, co_window_paths_a, co_window_paths_b,
          co_window_corner_a, co_window_corner_a, co_window_of_opportunity_a,
          co_window_paths_c, co_window_unsneaky_path_e, co_window_paths_c,
          co_window_corner_cb, co_window_paths_d, glass_columns_b,
          glass_columns_a, glass_columns_a, glass_columns_a
Temple:   dshaligram_water_room_temple
Lair:1:   statuecave_lemuel, layout_cave_pods

Skill      XL: |  1  2  3  4  5  6  7  8  9 10 11 |
---------------+----------------------------------+-----
Charms         | 4 5 6 9 12 | 12.5
Polearms       | 4 5 6 7 9 11 12 14 | 14.1
Dodging        | 3 4 6 7 8 9 |  9.5
Stealth        | 1 2 3 4 |  4.2
Throwing       | 1 |  1.0
Translocations | 1 2 |  2.7
Hexes          | 1 |  1.3
Fighting       | |  2.1
Armour         | |  0.6
Spellcasting   | |  2.0

Action                   |  1- 3 |  4- 6 |  7- 9 | 10-12 || total
-------------------------+-------+-------+-------+-------++-------
Melee: Spear             |   103 |   321 |   467 |    67 ||   958
       Halberd           |       |       |       |   241 ||   241
Throw: Dart              |       |       |    18 |    50 ||    68
 Cast: Infusion          |    19 |    10 |    21 |    19 ||    69
       Song of Slaying   |       |     1 |     1 |       ||     2
       Shroud of Golubri |       |       |     7 |    11 ||    18
       Spectral Weapon   |       |       |     2 |     1 ||     3
  Use: Potion            |       |     9 |     3 |     3 ||    15
       Scroll            |       |     4 |     4 |     5 ||    13
 Stab: Sleeping          |     1 |       |       |       ||     1
  Eat: Ration            |     1 |     3 |     3 |     2 ||     9
       Chunk             |       |     5 |     5 |     8 ||    18
Armor: Leather armour    |    28 |    45 |    74 |    16 ||   163
       Troll leather arm |       |       |       |    36 ||    36
Dodge: Dodged            |    47 |   153 |   267 |   291 ||   758
